 Dungeon Crawl Stone Soup version 0.26-a0-1086-g9010512d90 (webtiles) character file.

Game seed: 1015911427185213417

7240 streetpizza the Destroyer (level 10, -7/58 (60) HPs)
             Began as a Deep Elf Conjurer on Dec 14, 2020.
             Was a Priest of Vehumet.
             Mangled by Urug
             ... wielding a +3 eveningstar
              (30 damage)
             ... while paralysed by Urug
             ... on level 10 of the Dungeon.
             The game lasted 00:41:39 (10284 turns).

streetpizza the Destroyer (Deep Elf Conjurer)      Turns: 10284, Time: 00:41:39

HP:   -7/58 (60)    AC: 10    Str:  9    XL:     10   Next: 88%
MP:   25/26         EV:  2    Int: 25    God:    Vehumet [***...]
Gold: 475           SH:  0    Dex: 13    Spells: 22/29 levels left

rFire    . . .     SeeInvis .   K - +6 hand axe (freeze) (curse)
rCold    . . .     Faith    .   v - +2 buckler {AC+3}
rNeg     . . .     Spirit   .   a - +0 robe
rPois    .         Reflect  .   q - +0 helmet (curse)
rElec    .         Harm     .   h - +0 cloak
rCorr    .         Rampage  .   d - +1 pair of gloves {Str+3}
Will     +....                  I - +0 pair of boots
Stlth    ++........             k - amulet of the acrobat
HPRegen  0.19/turn              L - ring of wizardry
MPRegen  0.20/turn              (no ring)

@: paralysed, lightly drained
A: no striking features
a: Renounce Religion


You were on level 10 of the Dungeon.
You worshipped Vehumet.
Vehumet was most pleased with you.
You visited 2 branches of the dungeon, and saw 11 of its levels.

You collected 475 gold pieces.

Inventory:

Hand Weapons
 s - a +3 dagger of venom
 K - a cursed +6 hand axe of freezing (weapon)
Missiles
 o - 9 poisoned darts (quivered)
Armour
 a - a +0 robe (worn)
 d - a +1 pair of gloves of strength (worn)
 h - a +0 cloak (worn)
 q - a cursed +0 helmet (worn)
 v - a +2 buckler of protection (worn)
 w - a +1 leather armour of poison resistance
 I - a +0 pair of boots (worn)
Magical Staves
 B - an uncursed staff of fire
Jewellery
 k - an amulet of the acrobat (around neck)
 A - an uncursed ring of ice
 L - a ring of wizardry (left hand)
 R - an uncursed ring of positive energy
Wands
 t - a wand of acid (10)
 x - a wand of random effects (17)
 y - a wand of flame (8)
 G - a wand of disintegration (10)
 H - a wand of enslavement (7)
 P - a wand of digging (4)
 Q - a wand of iceblast (8)
Scrolls
 f - 9 scrolls of identify {unknown}
 g - a scroll of enchant armour {unknown}
 j - a scroll of fear {unknown}
 m - 3 scrolls of remove curse {unknown}
 n - 4 scrolls of magic mapping {unknown}
 r - 2 scrolls of teleportation {unknown}
 C - 4 scrolls of enchant weapon {unknown}
 E - a scroll of vulnerability {unknown}
 M - a scroll of summoning {unknown}
 N - a scroll of silence {unknown}
Potions
 b - 2 potions of flight {unknown}
 c - 2 potions of lignification {unknown}
 e - a potion of mutation {unknown}
 i - 4 potions of curing {unknown}
 l - 2 potions of might {unknown}
 p - 2 potions of attraction {unknown}
 u - 4 potions of heal wounds {unknown}
 z - 4 potions of brilliance {unknown}
 D - a potion of degeneration {unknown}
 F - a potion of invisibility {unknown}
 O - a potion of haste {unknown}
 S - a potion of resistance {unknown}
Miscellaneous
 J - a phantom mirror


   Skills:
 + Level 6.1 Fighting
 + Level 9.1 Dodging
 - Level 2.4 Stealth
 - Level 4.0 Shields
 + Level 10.1 Spellcasting
 * Level 11.3 Conjurations


You had 22 spell levels left.
You knew the following spells:

 Your Spells              Type           Power        Failure   Level
a - Magic Dart            Conj           ####         1%          1
b - Searing Ray           Conj           ######       1%          2
c - Iskenderun's Mystic   Conj/Tloc      #####...     1%          4

Your spell library contained the following spells:

 Spells                   Type           Power        Failure   Level
 Ignite Poison            Fire/Tmut/Pois ##......     1%          3
 Conjure Flame            Conj/Fire      #####...     1%          3
 Dazzling Flash           Conj/Hex       #####.       1%          3
 Mephitic Cloud           Conj/Pois/Air  ####....     1%          3
 Fulminant Prism          Conj/Hex       #####.....   1%          4
 Blink                    Tloc           N/A          3%          2
 Call Imp                 Summ           ##......     3%          2
 Slow                     Hex            ##......     3%          2


Dungeon Overview and Level Annotations

Branches:
Dungeon (10/15)            Temple (1/1) D:7            Lair (0/6) D:8
    Orc: D:9-12

Altars:
Ashenzari
Cheibriados
Dithmenos
Elyvilon
Fedhas
Gozag
Hepliaklqana
Kikubaaqudgha
Makhleb
Nemelex Xobeh
Okawaru
Qazlal
Ru
Sif Muna
Trog
Uskayaw
Vehumet
Wu Jian
Xom
Yredelemnul
Zin
The Shining One

Shops:
D:9 }

Annotations:
D:10 Urug


Message History

Found 15 gold pieces, a shiny jade ring and a scale mail.
There is a stone staircase leading up here.
Casting: Searing Ray (safe; 1% risk of failure)
Confirm with . or Enter, or press ? or * to list all spells.
Aiming: Searing Ray (safe; 1% risk of failure)
Press: ? - help, Shift-Dir - straight line The searing ray hits Urug!
Urug is lightly wounded.
The searing ray hits the hound!
The hound is almost dead. (Press . to maintain the ray.) Urug zaps a wand.
You suddenly lose the ability to move!
The hound bites you but does no damage. The hound bites you.
Urug zaps a wand.
You easily resist.
The hound bites you but does no damage. Urug hits you with a +3 eveningstar!!
Ouch! That really hurt!
The hound bites you but does no damage. x2
Urug hits you with a +3 eveningstar!!
Ouch! That really hurt!
You die...

## #######.[.
#.####.......#
#=......h....#
#.@o..$.#
####.#### ..
.# #


You could see Urug and a hound.

Vanquished Creatures
  Harold (D:7)
  A two-headed ogre (D:8)
  A troll (D:8)
  A wyvern (D:9)
  Grum (D:9)
  A black bear (D:8)
  3 ice beasts
  3 sky beasts
  5 orc warriors
  5 ogres
  2 necrophages
  3 centaurs
  6 wolves
  A big kobold (D:9)
  4 bullfrogs
  A water moccasin zombie (D:6)
  A scorpion (D:6)
  14 wights
  6 killer bees (D:8)
  2 electric eels (D:8)
  2 bullfrog skeletons
  2 jellies
  7 orc priests
  2 centaur skeletons
  9 hounds
  15 orc wizards
  2 iguanas
  Terence (D:3)
  6 worker ants
  A hound zombie (D:6)
  2 hound skeletons
  A worker ant zombie (D:9)
  Robin (D:3)
  16 adders
  A shadow imp (D:6)
  A white imp (D:5)
  4 ufetubi
  3 oozes
  2 adder skeletons
  A worm (D:4)
  3 dart slugs (D:1)
  9 leopard geckos
  37 orcs
  2 ball pythons (D:4)
  10 bats
  8 giant cockroaches
  18 goblins
  6 hobgoblins (D:3)
  10 jackals
  12 kobolds
  5 quokkas
  6 frilled lizards
  A leopard gecko skeleton (D:7)
  A quokka skeleton (D:6)
  11 rats
280 creatures vanquished.

Vanquished Creatures (others)
  A plant (D:5)
1 creature vanquished.

Grand Total: 281 creatures vanquished

Notes
Turn   | Place    | Note
-------+----------+-------------------------------------------
     0 | D:1      | streetpizza the Deep Elf Conjurer began the quest for the
                  | Orb.
     0 | D:1      | Reached XP level 1. HP: 10/10 MP: 6/6
   217 | D:1      | Reached XP level 2. HP: 16/16 MP: 4/8
   221 | D:1      | Learned a level 2 spell: Searing Ray
   595 | D:1      | Reached XP level 3. HP: 19/20 MP: 7/10
   609 | D:1      | Reached skill level 1 in Fighting
  1299 | D:2      | Reached XP level 4. HP: 25/25 MP: 5/11
  1410 | D:2      | Reached skill level 5 in Conjurations
  1514 | D:2      | Noticed an ice beast
  1529 | D:2      | Killed an ice beast
  1530 | D:2      | Reached XP level 5. HP: 30/30 MP: 5/13
  2240 | D:2      | Found an iron altar of Okawaru.
  2472 | D:3      | Noticed Robin
  2476 | D:3      | Killed Robin
  2670 | D:3      | Reached XP level 6. HP: 35/35 MP: 11/15
  2797 | D:3      | Reached skill level 5 in Spellcasting
  3280 | D:3      | Noticed Terence
  3287 | D:3      | Killed Terence
  3352 | D:3      | Reached skill level 5 in Dodging
  3352 | D:3      | Reached skill level 6 in Conjurations
  3352 | D:3      | Reached XP level 7. HP: 24/40 MP: 12/17
  4462 | D:4      | Reached skill level 1 in Shields
  4611 | D:4      | Found a sacrificial altar of Ru.
  4680 | D:5      | Entered Level 5 of the Dungeon
  5618 | D:6      | Reached XP level 8. HP: 46/46 MP: 16/19
  6278 | D:6      | Reached skill level 7 in Conjurations
  6938 | D:7      | Noticed Harold
  6959 | D:7      | Killed Harold
  6960 | D:7      | Reached skill level 8 in Conjurations
  6960 | D:7      | Reached XP level 9. HP: 41/52 MP: 7/22
  7232 | D:7      | Found a staircase to the Ecumenical Temple.
  7242 | Temple   | Entered the Ecumenical Temple
  7354 | Temple   | Became a worshipper of Vehumet
  7528 | D:6      | Reached skill level 9 in Conjurations
  8060 | D:8      | Noticed a troll
  8060 | D:8      | Noticed a two-headed ogre
  8266 | D:8      | Reached skill level 5 in Fighting
  8327 | D:8      | Reached * piety under Vehumet
  8327 | D:8      | Offered knowledge of Sandblast by Vehumet.
  8562 | D:8      | Reached XP level 10. HP: 59/59 MP: 18/24
  8634 | D:8      | Learned a level 4 spell: Iskenderun's Mystic Blast
  8677 | D:8      | Found a staircase to the Lair.
  8862 | D:8      | Reached skill level 10 in Conjurations
  9038 | D:8      | Killed a two-headed ogre
  9428 | D:8      | Reached ** piety under Vehumet
  9428 | D:8      | Offered knowledge of Shock by Vehumet.
  9593 | D:9      | Found an ornate altar of the Wu Jian Council.
  9705 | D:9      | Noticed Grum
  9721 | D:9      | Reached skill level 11 in Conjurations
  9723 | D:9      | Killed Grum
  9781 | D:9      | Reached skill level 10 in Spellcasting
  9786 | D:9      | Found Ykacran's Gadget Shoppe.
  9976 | D:9      | Offered knowledge of Ignite Poison by Vehumet.
 10097 | D:9      | Reached *** piety under Vehumet
 10279 | D:10     | Entered Level 10 of the Dungeon
 10279 | D:10     | Noticed Urug
 10280 | D:10     | Paralysed by Urug for 6 turns
 10284 | D:10     | Mangled by Urug

Illustrated notes

Levels and vault maps discovered:
D:1:      kennysheep_arrival_forest, layout_rooms
D:2:      lemuel_upstairs_altar, layout_loops_ring, minmay_split_cup_large
D:3:      wad_river_or_something, layout_loops_ring, uniq_terence, uniq_robin
D:4:      layout_cave_pools, nicolae_ru_path_of_blood
D:5:      layout_basic, serial_bayou_lake_a
D:6:      layout_basic
D:7:      layout_gridville, temple_pool_b, corexii_corridor_pit,
          dk_noncrumbling_3, grunt_ministairs_1, uniq_harold
D:8:      layout_basic, erik_lair_island
D:9:      layout_rooms, serial_shops, nicolae_shop_trees, basic_altar, uniq_grum
D:10:     layout_roguey, enter_bailey_5, basic_altar, kennysheep_another_room,
          hangedman_corner_corridor, uniq_urug, uniq_snorg
Temple:   compressed_dpeg_circular_temple

Skill      XL: |  1  2  3  4  5  6  7  8  9 10 |
---------------+-------------------------------+-----
Dodging        | 3 4 5 6 7 9 |  9.1
Fighting       | 1 2 3 4 5 6 |  6.1
Conjurations   | 5 6 8 9 11 | 11.3
Spellcasting   | 4 5 6 7 8 10 | 10.1
Shields        | 3 4 |  4.0
Stealth        | |  2.4

Action                   |  1- 3 |  4- 6 |  7- 9 | 10-12 || total
-------------------------+-------+-------+-------+-------++-------
Melee: Dagger            |    19 |   126 |   137 |       ||   282
       Unarmed           |     2 |       |       |       ||     2
       Hand axe          |       |       |    29 |    67 ||    96
 Cast: Magic Dart        |    16 |     2 |       |       ||    18
       Searing Ray       |    22 |    16 |    55 |    28 ||   121
       Iskenderun's Myst |       |       |       |     2 ||     2
 Stab: Distracted        |     1 |       |       |       ||     1
       Sleeping          |       |     7 |     3 |       ||    10
Armor: Robe              |    15 |    23 |    40 |    18 ||    96
Dodge: Dodged            |    24 |   123 |   170 |    75 ||   392
Block: Buckler           |       |       |    48 |    32 ||    80

Table legend: (Time is in decaauts)
 A = Elapsed time spent in this place.
 B = Non-inter-level travel time spent in this place.
 C = Inter-level travel time spent in this place.
 D = Time resting spent in this place.
 E = Time spent auto-exploring this place.
 F = Levels seen in this place.
 G = Mean time per level.
                   A        B        C        D        E       F      G
               +--------+--------+--------+--------+--------+-----+--------+
         Total |  10355 |  10094 |    261 |    199 |   7846 |  11 |  941.4 |
       Dungeon |  10233 |   9972 |    261 |    199 |   7751 |  10 | 1023.3 |
        Temple |    121 |    121 |      0 |      0 |     95 |   1 |  121.0 |
               +--------+--------+--------+--------+--------+-----+--------+

Top non-repeatable levels by time:
     D:3: 1875 daAuts
     D:8: 1444 daAuts
     D:6: 1378 daAuts
     D:2: 1136 daAuts
     D:7: 974 daAuts
     D:5: 963 daAuts
     D:1: 961 daAuts
     D:9: 785 daAuts
     D:4: 709 daAuts
  Temple: 121 daAuts
    D:10: 4 daAuts
